NYP
LOWELL SPINNERS @ VANCOUVER CANADIANS
09/07/2046
 
TOP OF THE 1ST
Lowell Spinners batting - Pitching for Vancouver Canadians : RHP Robby Granados
Pitching: RHP Robby Granados
Batting: LHB Sergio Tinoco 0-0: Ball
1-0: DOUBLE (Flyball, 78D, EV 105.6 MPH)
Batting: RHB Sal Rivera 0-0: Swinging Strike
0-1: Foul Ball, location: 2F
0-2: Ball
1-2: Ground out 5-3 (Groundball, 5L, EV 78.1 MPH)
Batting: LHB Frank Olivo 0-0: Called Strike
0-1: Ball
1-1: Ball
2-1: Ball
3-1: Base on Balls
Batting: RHB Alex Cardenas 0-0: Called Strike
0-1: Fly out, F9 (Flyball, 9S, EV 85.6 MPH)
Batting: RHB Paul Long 0-0: Called Strike
0-1: Called Strike
0-2: Foul Ball, location: 2F
0-2: Ball
1-2: DOUBLE (Line Drive, 9LM, EV 97.5 MPH)
Sergio Tinoco scores
Frank Olivo to third
Batting: RHB Travis Campbell 0-0: Swinging Strike
0-1: Ball
1-1: Ball
Wild Pitch!
Frank Olivo scores
Paul Long to third
2-1: Foul Ball, location: 2F
2-2: Strikes out swinging
Top of the 1st over - 2 runs, 2 hits, 0 errors, 1 left on base; Lowell 2 - Vancouver 0
BOTTOM OF THE 1ST
Vancouver Canadians batting - Pitching for Lowell Spinners : RHP Morty Rupert
Pitching: RHP Morty Rupert
Batting: RHB Kennet Strijbis 0-0: Ground out 6-3 (Groundball, 6, EV 109.4 MPH)
Batting: LHB Sonny Flood 0-0: Called Strike
0-1: Foul Ball, location: 2F
0-2: Strikes out looking
Batting: RHB Kyle Scruggs 0-0: SOLO HOME RUN (Line Drive, 78XD, EV 99.4 MPH), Distance : 411 ft
Batting: RHB Nikita Schram 0-0: Ball
1-0: SINGLE (Groundball, 6D, EV 97.5 MPH)
Batting: RHB Lee McKay 0-0: Ball
Nikita Schram steals 2nd, throwing error, E2
Nikita Schram to third
1-0: Ball
2-0: Fly out, F8 (Line Drive, 8LM, EV 90.0 MPH)
Bottom of the 1st over - 1 run, 2 hits, 1 error, 1 left on base; Lowell 2 - Vancouver 1
TOP OF THE 2ND
Lowell Spinners batting - Pitching for Vancouver Canadians : RHP Robby Granados
Batting: RHB Dominique Paolozzi 0-0: Called Strike
0-1: Ground out 6-3 (Groundball, 6, EV 86.9 MPH)
Batting: RHB Jose Molina 0-0: Ball
1-0: Ball
2-0: SINGLE (Line Drive, 34, EV 93.8 MPH)
Batting: RHB Randy Schmitt 0-0: Called Strike
0-1: Foul Ball, location: 2F
Balk!
Jose Molina to second
0-2: Strikes out swinging
Batting: LHB Sergio Tinoco 0-0: Ball
1-0: Ball
2-0: Ball
3-0: Base on Balls
Batting: RHB Sal Rivera 0-0: Ball
Passed Ball!
Jose Molina to third
Sergio Tinoco to second
1-0: Ball
2-0: Called Strike
2-1: Called Strike
2-2: Foul Ball, location: 2F
2-2: Ball
3-2: Strikes out swinging
Top of the 2nd over - 0 runs, 1 hit, 0 errors, 2 left on base; Lowell 2 - Vancouver 1
BOTTOM OF THE 2ND
Vancouver Canadians batting - Pitching for Lowell Spinners : RHP Morty Rupert
Batting: LHB Devin Huber 0-0: Foul Ball, location: 2F
0-1: Foul Ball, location: 2F
0-2: Ball
1-2: Ball
2-2: TRIPLE (Line Drive, 8LXD, EV 109.4 MPH)
Batting: SHB Scott Robbins 0-0: Called Strike
0-1: Swinging Strike
0-2: Foul Ball, location: 2F
0-2: SINGLE (Groundball, 6M, EV 87.5 MPH) (infield hit)
Devin Huber scores
Batting: RHB Carlos Renteria 0-0: Ball
1-0: Swinging Strike
1-1: Ball
2-1: Ball
Scott Robbins is caught stealing 2nd base 2-4
3-1: Called Strike
3-2: Fly out, F8 (Flyball, 8RM, EV 85.0 MPH)
Batting: RHB Bobby Lasaguna 0-0: Bunt for hit to 25 - play at first, batter safe!
Batting: RHB Kennet Strijbis 0-0: Ball
Bobby Lasaguna is caught stealing 2nd base 2-4
Bottom of the 2nd over - 1 run, 3 hits, 0 errors, 0 left on base; Lowell 2 - Vancouver 2
TOP OF THE 3RD
Lowell Spinners batting - Pitching for Vancouver Canadians : RHP Robby Granados
Batting: LHB Frank Olivo 0-0: Ball
1-0: Foul Ball, location: 2F
1-1: Ball
2-1: Ball
3-1: Base on Balls
Batting: RHB Alex Cardenas 0-0: Called Strike
0-1: Ball
1-1: Called Strike
1-2: Strikes out swinging
Batting: RHB Paul Long 0-0: Called Strike
0-1: Swinging Strike
0-2: Ball
1-2: Strikes out swinging
Batting: RHB Travis Campbell 0-0: Called Strike
0-1: Swinging Strike
0-2: Strikes out swinging
Top of the 3rd over - 0 runs, 0 hits, 0 errors, 1 left on base; Lowell 2 - Vancouver 2
BOTTOM OF THE 3RD
Vancouver Canadians batting - Pitching for Lowell Spinners : RHP Morty Rupert
Batting: RHB Kennet Strijbis 0-0: SINGLE (Line Drive, 7S, EV 93.8 MPH)
Batting: LHB Sonny Flood 0-0: Called Strike
Kennet Strijbis steals 2nd base
0-1: Ball
1-1: Fly out, F5 (Popup, 6S, EV 80.6 MPH)
Batting: RHB Kyle Scruggs 0-0: Ball
1-0: Ball
2-0: Swinging Strike
2-1: Foul Ball, location: 2F
2-2: Strikes out swinging
Batting: RHB Nikita Schram 0-0: Ball
1-0: Called Strike
1-1: Ball
2-1: Foul Ball, location: 2F
2-2: Ball
3-2: Foul Ball, location: 2F
3-2: Fly out, F7 (Flyball, 7S, EV 84.4 MPH)
Bottom of the 3rd over - 0 runs, 1 hit, 0 errors, 1 left on base; Lowell 2 - Vancouver 2
TOP OF THE 4TH
Lowell Spinners batting - Pitching for Vancouver Canadians : RHP Robby Granados
Batting: RHB Dominique Paolozzi 0-0: Ball
1-0: Called Strike
1-1: Ball
2-1: Foul Ball, location: 2F
2-2: Foul Ball, location: 2F
2-2: Foul Ball, location: 2F
2-2: Strikes out swinging
Batting: RHB Jose Molina 0-0: Ball
1-0: Called Strike
1-1: Swinging Strike
1-2: Ball
2-2: Ball
3-2: Foul Ball, location: 2F
3-2: Base on Balls
Batting: RHB Randy Schmitt 0-0: Ball
1-0: Ball
2-0: Swinging Strike
2-1: Foul Ball, location: 2F
2-2: Foul Ball, location: 2F
2-2: Strikes out swinging
Batting: LHB Sergio Tinoco 0-0: Called Strike
0-1: Foul Ball, location: 2F
0-2: Strikes out swinging
Top of the 4th over - 0 runs, 0 hits, 0 errors, 1 left on base; Lowell 2 - Vancouver 2
BOTTOM OF THE 4TH
Vancouver Canadians batting - Pitching for Lowell Spinners : RHP Morty Rupert
Batting: RHB Lee McKay 0-0: Called Strike
0-1: Foul Ball, location: 2F
0-2: Foul Ball, location: 2F
0-2: Reached on error, E3 (Groundball, 34S, EV 83.1 MPH)
Batting: LHB Devin Huber 0-0: Called Strike
Lee McKay is caught stealing 2nd base 2-6
0-1: Foul Ball, location: 2F
0-2: Ball
1-2: TRIPLE (Flyball, 78XD, EV 110.6 MPH)
Batting: SHB Scott Robbins 0-0: Ball
1-0: Ball
2-0: Ground out 4-3 (Groundball, 34, EV 105.6 MPH)
Devin Huber scores
Batting: RHB Carlos Renteria 0-0: Ball
1-0: Ball
2-0: Ball
3-0: Swinging Strike
3-1: Called Strike
3-2: Foul Ball, location: 2F
3-2: Strikes out swinging
Bottom of the 4th over - 1 run, 1 hit, 1 error, 0 left on base; Lowell 2 - Vancouver 3
TOP OF THE 5TH
Lowell Spinners batting - Pitching for Vancouver Canadians : RHP Robby Granados
Batting: RHB Sal Rivera 0-0: Ball
1-0: Ball
2-0: Ground out 6-3 (Groundball, 6, EV 89.4 MPH)
Batting: LHB Frank Olivo 0-0: Ball
1-0: Called Strike
1-1: SINGLE (Flyball, 6D, EV 86.9 MPH)
Batting: RHB Alex Cardenas 0-0: Called Strike
0-1: Foul Ball, location: 2F
0-2: Ball
1-2: Ball
2-2: Strikes out swinging
Batting: RHB Paul Long 0-0: Swinging Strike
0-1: Ball
1-1: Fly out, F6 (Flyball, 6D, EV 87.5 MPH)
Top of the 5th over - 0 runs, 1 hit, 0 errors, 1 left on base; Lowell 2 - Vancouver 3
BOTTOM OF THE 5TH
Vancouver Canadians batting - Pitching for Lowell Spinners : RHP Morty Rupert
Batting: RHB Bobby Lasaguna 0-0: Ball
1-0: Ground out 1-3 (Groundball, 13S, EV 70.6 MPH)
Batting: RHB Kennet Strijbis 0-0: Foul Ball, location: 2F
0-1: Ball
1-1: Ground out 1-3 (Groundball, 13S, EV 67.5 MPH)
Batting: LHB Sonny Flood 0-0: Foul Ball, location: 2F
0-1: Ball
1-1: Ball
2-1: Ball
3-1: Called Strike
3-2: Ground out 6-3 (Groundball, 4M, EV 98.8 MPH)
Bottom of the 5th over - 0 runs, 0 hits, 0 errors, 0 left on base; Lowell 2 - Vancouver 3
TOP OF THE 6TH
Lowell Spinners batting - Pitching for Vancouver Canadians : RHP Robby Granados
Batting: RHB Travis Campbell 0-0: Ball
1-0: Fly out, F3 (Line Drive, 3, EV 68.8 MPH)
Batting: RHB Dominique Paolozzi 0-0: Ball
1-0: Ball
2-0: Fly out, F8 (Flyball, 78M, EV 83.1 MPH)
Batting: RHB Jose Molina 0-0: Foul Ball, location: 2F
0-1: Fly out, F9 (Flyball, 9, EV 83.1 MPH)
Top of the 6th over - 0 runs, 0 hits, 0 errors, 0 left on base; Lowell 2 - Vancouver 3
BOTTOM OF THE 6TH
Vancouver Canadians batting - Pitching for Lowell Spinners : RHP Morty Rupert
Batting: RHB Kyle Scruggs 0-0: Foul Ball, location: 2F
0-1: Fly out, F8 (Flyball, 78M, EV 84.4 MPH)
Batting: RHB Nikita Schram 0-0: Ground out 4-3 (Groundball, 4M, EV 86.9 MPH)
Batting: RHB Lee McKay 0-0: Foul Ball, location: 2F
0-1: SINGLE (Groundball, P, EV 91.2 MPH) (infield hit)
Batting: LHB Devin Huber 0-0: Ball
1-0: Ball
Lee McKay is caught stealing 2nd base 2-6
Bottom of the 6th over - 0 runs, 1 hit, 0 errors, 0 left on base; Lowell 2 - Vancouver 3
TOP OF THE 7TH
Lowell Spinners batting - Pitching for Vancouver Canadians : RHP Robby Granados
Now at 1B: Alex Vazquez
Batting: RHB Randy Schmitt 0-0: Ball
1-0: Ball
2-0: Called Strike
2-1: Ground out 5-3 (Groundball, 56, EV 85.0 MPH)
Pitching: LHP Dave Schmidt
Pinch Hitting: RHB Bobby Schimke 0-0: Called Strike
0-1: Swinging Strike
0-2: Strikes out swinging
Pitching: RHP Zach Wahlin
Batting: RHB Sal Rivera 0-0: Called Strike
0-1: Foul Ball, location: 2F
0-2: Ball
1-2: Ball
2-2: Ball
3-2: Fly out, F7 (Line Drive, 7, EV 97.5 MPH)
Top of the 7th over - 0 runs, 0 hits, 0 errors, 0 left on base; Lowell 2 - Vancouver 3
BOTTOM OF THE 7TH
Vancouver Canadians batting - Pitching for Lowell Spinners : RHP Morty Rupert
Now in RF: Curt Stallings
Batting: LHB Devin Huber 0-0: Called Strike
0-1: Foul Ball, location: 2F
0-2: Foul Ball, location: 2F
0-2: Ball
1-2: Ball
2-2: Ground out 5-3 (Groundball, 5, EV 87.5 MPH)
Batting: SHB Scott Robbins 0-0: Ball
1-0: Fly out, F9 (Flyball, 9LS, EV 75.6 MPH)
Batting: RHB Carlos Renteria 0-0: Foul Ball, location: 2F
0-1: Ground out 5-3 (Groundball, 5L, EV 76.9 MPH)
Bottom of the 7th over - 0 runs, 0 hits, 0 errors, 0 left on base; Lowell 2 - Vancouver 3
TOP OF THE 8TH
Lowell Spinners batting - Pitching for Vancouver Canadians : RHP Zach Wahlin
Pitching: RHP Dan Korte
Now in LF: Sonny Flood
Now in CF: Dan Hilyer
Batting: LHB Frank Olivo 0-0: Ball
1-0: Called Strike
1-1: Foul Ball, location: 2F
1-2: Foul Ball, location: 2F
1-2: Ball
2-2: Ground out 4-3 (Groundball, 4, EV 96.9 MPH)
Batting: RHB Alex Cardenas 0-0: Foul Ball, location: 2F
0-1: Called Strike
0-2: Foul Ball, location: 2F
0-2: Ball
1-2: Strikes out swinging
Batting: RHB Paul Long 0-0: Ball
1-0: Fly out, F7 (Flyball, 7, EV 79.4 MPH)
Top of the 8th over - 0 runs, 0 hits, 0 errors, 0 left on base; Lowell 2 - Vancouver 3
BOTTOM OF THE 8TH
Vancouver Canadians batting - Pitching for Lowell Spinners : RHP Morty Rupert
Batting: RHB Bobby Lasaguna 0-0: Ball
1-0: Ground out 1-3 (Groundball, 13S, EV 70.0 MPH)
Batting: RHB Kennet Strijbis 0-0: Ball
1-0: SINGLE (Groundball, 6, EV 105.6 MPH)
Batting: LHB Sonny Flood 0-0: Ball
Kennet Strijbis is caught stealing 2nd base 2-6
1-0: SINGLE (Line Drive, 6D, EV 96.2 MPH)
Batting: RHB Kyle Scruggs 0-0: Ball
Wild Pitch!
Sonny Flood to second
1-0: Foul Ball, location: 2F
1-1: Called Strike
1-2: Ground out 6-3 (Groundball, 6, EV 98.8 MPH)
Bottom of the 8th over - 0 runs, 2 hits, 0 errors, 1 left on base; Lowell 2 - Vancouver 3
TOP OF THE 9TH
Lowell Spinners batting - Pitching for Vancouver Canadians : RHP Dan Korte
Pitching: RHP Joe Spencer
Now in CF: Adam Santarelli
Now in RF: Dan Hilyer
Batting: RHB Travis Campbell 0-0: Called Strike
0-1: Foul Ball, location: 2F
0-2: Foul Ball, location: 2F
0-2: Ball
1-2: Foul Ball, location: 2F
1-2: Ball
2-2: Strikes out swinging
Batting: RHB Dominique Paolozzi 0-0: Called Strike
0-1: Ball
1-1: Ball
2-1: Ball
3-1: Foul Ball, location: 2F
3-2: Foul Ball, location: 2F
3-2: DOUBLE (Line Drive, 9LD, EV 104.4 MPH)
Batting: RHB Jose Molina 0-0: Called Strike
0-1: Ground out 4-3 (Groundball, 4S, EV 63.1 MPH)
Dominique Paolozzi to third
Pinch Hitting: SHB Eric Evans 0-0: Called Strike
0-1: Called Strike
0-2: Strikes out swinging
Top of the 9th over - 0 runs, 1 hit, 0 errors, 1 left on base; Lowell 2 - Vancouver 3
Tuesday, September 13th , 2022 - OOTP Baseball 23.7 Build 88